[Event "EU-ch 12th"]
[Site "Aix les Bains"]
[Date "2011.03.30"]
[Round "8"]
[White "Polgar, Judit"]
[Black "Guseinov, Gadir"]
[Result "1-0"]
[ECO "B36"]
[WhiteElo "2686"]
[BlackElo "2584"]
[Annotator "Averbakh/Primel,D"]
[PlyCount "123"]
[EventDate "2011.03.22"]
[EventType "swiss"]
[EventRounds "11"]
[EventCountry "FRA"]
[SourceTitle "CBM 142 Extra"]
[Source "ChessBase"]
[SourceDate "2011.06.27"]
[SourceVersion "1"]
[SourceVersionDate "2011.06.27"]
[SourceQuality "1"]
[TimeControl "40/5400+30:1800+30"]

1. e4 c5 {Le nom de sicilien (il giuno siciliano) donné а ce début se trouve
déjà chez Greco, mais il n'est devenu d'usage courant que par le théoricien
anglais JH Sarratt (The works of Damiano, Ruy Lopez and Salvio, London 1813)}
2. Nf3 Nc6 3. d4 cxd4 4. Nxd4 g6 5. c4 Nf6 6. Nc3 Nxd4 7. Qxd4 d6 8. Be2 Bg7 9.
Bg5 (9. Be3 {L'alternative} O-O 10. Qd2 Be6 (10... Ng4 $6 11. Bxg4 (11. Bg5 h6
12. Bh4 (12. Bf4 Kh7 13. f3 Ne5 14. O-O Be6 15. Nd5 $14) 12... Be6 13. Rc1 Rc8
14. f3 Ne5 15. b3 f5) 11... Bxg4 12. Rc1 (12. Bd4) 12... Rc8) (10... a5) (10...
Bd7 11. O-O Bc6 12. f3 a5 13. b3 Nd7 14. Rab1 Nc5 15. Rfd1 (15. Rfc1 e6 16. Rd1
Be5 17. Bd4 Qe7 18. Bf1 $14)) 11. Rc1 Qa5 12. f3 (12. b3) 12... Rfc8 13. b3 a6 14. Na4 (14. Nd5 Qxd2+ 15. Kxd2 Nxd5 16. cxd5 (16. exd5 $5
Bd7 17. a4 Bb2 18. Rc2 Ba3 ) 16... Bd7 17. Rxc8+ Rxc8 18. Rc1) (
14. Rc2 $5 {Donnant une position proche de la partie} b5 {Tal,M (2585)-Pigusov,
E (2545) GMA-qual f Moscow 1990 (8) 1/2}) 14... Qxd2+ 15. Kxd2 Nd7 16. g4 f5
17. exf5 (17. gxf5 gxf5 18. Rhg1 $14 ) 17... gxf5 18. h3
Rf8 19. f4 Rad8 (19... Nf6 ) 20. g5 Nc5 21. Nc3 Ne4+
(21... Bd7 22. Bf3) 22. Nxe4 fxe4 23. Bb6 Rc8 24. Ke3 $14 {
Goloshchapov,A (2566)-Wirig,A (2408) EU-Cup 20th Izmir 2004 (4.1) 1-0}) (9. O-O
O-O 10. Qd3 Be6 11. Bd2 a6 12. b3 Nd7 13. Rac1 Ne5 14. Qe3 Nc6 15. Nd5 Nd4 16.
Bd3 Bd7 17. Bc3 e5 18. f4 Bc6 19. f5 {Rodriguez Cespedes,A (2530)-Antunes,A 
(2470) Malaga op 1991 (8) 1/2} (19. Qf2 $5 {[%cal Gf4e5,Gd6e5,Gc3b4] Rodriguez
Cespedes})) 9... O-O 10. Qd2 Be6 11. Rc1 {91} Qa5 {90} 12. f3 Rfc8 13. b3 {88}
a6 {[%csl Rb6] 83} 14. Rc2 $6 $146 {74 Un nouveau plan dans cette position
pourtant archi théorique et ce n'était peut-être pas une préparation maison
car les Blancs ont réfléchi un 1/4 d'heure avant de placer la nouveauté. Rc2
ne promet pourtant qu'un intérêt minime et on ne devrait pas trop le revoir
souvent а l'avenir.} (14. Nd5 $142 Qxd2+ 15. Kxd2 Nxd5 16. cxd5 Bd7 {C'est la
différence avec la partie, les Noirs n'ont pas le temps de prendre en c2 sur
échec} 17. Rxc8+ Rxc8 18. Rc1 $14 {1/2-1/2 Rublevsky,S (2595)-Khalifman,A 
(2655)/Novosibirsk 1995/CBM 050} (18. Bxe7 $2 Bh6+ 19. Ke1 Rc1+ 20. Bd1 Ra1 {Horvath,G (2405)-Groszpeter,A (2480) Zalaegerszeg 1991 (8)
1-0} (20... f5 {Leads to potential trouble only for White (Averbakh)}))) (14.
Na4 $142 {[%csl Rb6][%cal Ga4b6] La grande ligne qui mène а une finale
favorable pour les Blancs} Qxd2+ 15. Kxd2 Rc6 (15... Nd7 16. g4 f6 17. Be3) 16.
Nc3 Rac8 $6 {Après cette partie de référence, ce coup a été quasiment abandonné
} (16... Kf8 $142 {Vallejo Pons,F (2662)-Malakhov,V (2696) Selfoss Milk
Masters 2nd 2003 (6) 1/2}) 17. Nd5 Kf8 (17... Bxd5 18. exd5 $14 )
18. Be3 Nd7 19. h4 Bxd5 $6 (19... f5 $142 $5 20. Nf4 Bf7 {
Karpov}) 20. exd5 R6c7 21. h5 $16 {Karpov,A (2700)-Kavalek,L 
(2625) Nice ol (Men) fin-A 1974 (7) 1-0}) 14... b5 {73} 15. Nd5 $1 {La
manoeuvre thématique dans cette structure} Qxd2+ 16. Kxd2 Nxd5 17. cxd5 (17.
exd5 $143 Bf5 18. Bd3 Bxd3 19. Kxd3 bxc4+ $1 20. bxc4 Kf8 21. Re1
Rc7 $132) 17... Rxc2+ $1 {Le coup intermédiaire qui rend la nouveauté 14.Rc2
un peu douteuse} 18. Kxc2 Rc8+ 19. Kb1 (19. Kd3 f6 (19... Bd7) 20. Be3 Bd7 21.
Rc1 Rxc1 22. Bxc1 f5 $132) 19... f6 $132 20. Be3 $1 (20. Bxf6 $6 {Gagne un P
mais trés difficile а valoriser car les Blancs ne pourront plus jouer Rc1 pour
contester le contrôle de la colonne "c" car les Noirs pourraient rentrer dans
une finale de B de couleurs opposées.} Bxf6 21. dxe6 Rc3 $44 ) (20. Bd2 Bd7 21. Rc1) 20... Bd7 21. Rc1 {[%csl Re7] 47 Les Noirs ont
quasiment égalisé mais le P arriéré "e7" pose problème et il y a une
différence entre finale nulle et finale égale.} Rxc1+ {38} 22. Kxc1 Kf7 23. Kc2
f5 $1 24. Bd3 fxe4 25. Bxe4 (25. fxe4 $6 ) 25... Be5 26. h3 (26. f4
$5) 26... Bf6 27. g4 Be8 28. Kd3 Bd7 29. Bd2 Bg7 30. Bg5 Bf6 31. Bh6 Bg7 {
Il est tentant d'échanger le bon B des Blancs mais c'est au risque de
décentraliser le K Noir et les Blancs vont avoir le temps de gagner de
l'espace а l'aile-roi par h4g5} 32. Bxg7 Kxg7 33. h4 h6 34. g5 $1 $16 {[%csl
Gf6,Rg6,Rg7] Le K Noir est maintenant mal placé} hxg5 35. hxg5 Kf7 $6 (35... b4
$142 36. Kc4 a5 {[%csl Ra2] Il n'est pas facile pour les Blancs de progresser.}
) 36. a3 $1 {13} a5 {03} 37. Kd4 Kg7 38. Bd3 $1 Kf7 39. f4 Kg7 40.
Kc3 Kf7 41. b4 {[%csl Rb5] Fixant la faiblesse "b5"} a4 42. Kd4
Kg7 43. Ke3 $1 {[%cal Ge3f2,Gf2g3,Gd3e2,Ge2g4] Ramène le K а l'aile-roi pour
tenter d'échanger les B} Kf7 44. Kf3 Kg7 45. Kg3 Kf7 46. Be2 Kg7 47. Bg4 $36
Bf5 48. Be2 {Appliquant un vieux principe en finale "ne pas se presser"} Bd7
49. Bf1 {Recherchant le zugzwang} Kf7 50. Bd3 Kg7 (50... Be8) 51.
Kh4 Be8 (51... Kf7) 52. Be2 Kf8 53. Bg4 Bf7 $2 {Une première
faute sérieuse} (53... Kg7) 54. Be6 $1 {Les Noirs sont en zugzwang!} Be8 55.
Kg4 Kg7 56. Kf3 (56. f5 gxf5+ 57. Bxf5) 56... Kf8 57. Ke4 Kg7
58. Bc8 Kf7 59. Kd4 Kf8 60. Bb7 Bd7 61. Bc6 Ke8 62. f5 1-0

[Event "Match/Team URS-World 20,5-19,5"]
[Site "Belgrade"]
[Date "1970.03.31"]
[Round "2.8"]
[White "Botvinnik, Mikhail"]
[Black "Matulovic, Milan"]
[Result "1/2-1/2"]
[ECO "B36"]
[WhiteElo "2640"]
[BlackElo "2560"]
[Annotator "Botvinnik/Matulovic"]
[PlyCount "51"]
[EventDate "1970.03.29"]
[EventType "team"]
[EventRounds "4"]
[EventCountry "YUG"]
[SourceTitle "MCL"]
[Source "ChessBase"]
[SourceDate "1999.07.01"]
[SourceVersion "1"]
[SourceVersionDate "1999.07.01"]
[SourceQuality "1"]
[WhiteTeam "Soviet Union"]
[BlackTeam "World"]
[WhiteTeamCountry "URS"]
[TimeControl "40/9000:16/5400:0"]

1. c4 c5 2. Nf3 g6 3. e4 Nc6 4. d4 cxd4 5. Nxd4 Nf6 6. Nc3 d6 (6... Nxd4 7.
Qxd4 d6 8. f3 Bg7 9. Be3 {Botvinnik=:B}) 7. Be2 (7. Nc2 Bg7 8. Be2 Nd7 $1 $10 {
Barczay-Matulovic/Kortschnoj-Matulovic/ Matulovic=:M}) (7. f3 Qb6 8. Nc2 Bg7 9.
Rb1 Nb4 {B}) 7... Nxd4 8. Qxd4 Bg7 9. Be3 (9. O-O O-O 10. Bd2 {B}) 9... O-O 10.
Qd2 Be6 11. f3 (11. Rc1 Qa5 12. O-O Rfc8 13. b3 a6 $132 {M}) 11... Qa5 (11...
Rc8 12. b3 b5 $2 {M} 13. e5 $1 {M} dxe5 14. Qxd8 Rfxd8 15. Nxb5 $16 {B}) 12.
Nb5 {O'Kelly-Matulovic/Palma de Mallorca/1967} Qxd2+ 13. Kxd2 (13. Bxd2 a6 14.
Nc7 Rac8 15. Nxe6 fxe6 16. Rc1 Nd7 17. Rc2 h5 {1/2-1/2 (17) Botvinnik,M-Benko,
P Wijk aan Zee 1969}) 13... Nd7 $1 {/\ Ne5-c6 ><d4 M} 14. Rab1 $146 (14. Nc7
Rac8 15. Nxe6 fxe6 16. Rab1 Ne5 17. Rhc1 Nc6 $10 {/\ 18... Bd4
O'Kelly-Matulovic/M}) (14. Nc7 Rac8 15. Nxe6 fxe6 16. Rab1 Ne5 {1/2-1/2 (16)
Benko,P-Matulovic,M Venice 1969}) 14... Ne5 (14... Rfc8 15. Nxa7 Rxa7 16. Bxa7
b6 {B}) 15. Rhc1 (15. Nc7 Rac8 16. Nxe6 fxe6 17. b3 Nc6 18. f4 $1 {[%eval 0,0]
/\ g4-g5, h4-h5}) 15... Rfc8 16. b3 Nc6 $10 {M} 17. f4 f5 18. Bf3 fxe4 19. Bxe4
Bf5 $1 {B} 20. Bxf5 gxf5 21. Ke2 (21. h3 h5 22. g4 hxg4 23. hxg4 fxg4 24. Rg1 {
B}) 21... Kf7 22. Rd1 $2 $15 {B/M} (22. Nc3 $10 {M}) 22... a6 23. Nd4 Nxd4+ 24.
Bxd4 b5 $1 {B} 25. Bxg7 Kxg7 26. Rdc1 (26. Rdc1 Rc5 $15 {M}) 1/2-1/2